 Dungeon Crawl Stone Soup version 0.27-a0-1597-ge58577e147 (webtiles) character file.

Game seed: 751534087711717026

102 Froggeryz the Chopper (level 5, -1/41 HPs)
             Began as a Human Berserker on July 21, 2021.
             Was a Believer of Trog.
             Killed from afar by Natasha (11 damage)
             ... with a magic dart
             ... on level 2 of the Dungeon.
             The game lasted 00:01:42 (1689 turns).

Froggeryz the Chopper (Human Berserker)             Turns: 1689, Time: 00:01:43

Health: -1/41      AC:  5    Str: 19    XL:     5   Next: 5%
Magic:  5/5        EV: 11    Int:  7    God:    Trog [**....]
Gold:   9          SH:  0    Dex: 12    Spells: 4/4 levels left

rFire    . . .     SeeInvis .   a - +0 hand axe
rCold    . . .     Faith    .   (no shield)
rNeg     . . .     Spirit   .   f - +0 ring mail
rPois    .         Reflect  .   (no helmet)
rElec    .         Harm     .   (no cloak)
rCorr    .         Rampage  .   (no gloves)
Will     .....                  (no boots)
Stlth    +.........             (no amulet)
HPRegen  0.13/turn              (no ring)
MPRegen  0.09/turn              (no ring)

@: on berserk cooldown, slowed, very slow
A: no striking features
a: Renounce Religion, Berserk, Trog's Hand


You were on level 2 of the Dungeon.
You worshipped Trog.
Trog was pleased with you.
You visited 1 branch of the dungeon, and saw 2 of its levels.

You collected 39 gold pieces.
You spent 30 gold pieces at shops.

Inventory:

Hand Weapons
 a - a +0 hand axe (weapon)
Armour
 e - a +0 buckler
 f - a +0 ring mail (worn)
Scrolls
 b - a scroll of blinking {unknown}
 d - 2 scrolls of amnesia {unknown}
 h - a scroll of fear


   Skills:
 - Level 3.0 Fighting
 * Level 4.7 Axes
 - Level 2.1 Armour
 - Level 2.0 Dodging
 + Level 1.8 Shields


You had 4 spell levels left.
You didn't know any spells.
Your spell library was empty.

Dungeon Overview and Level Annotations

Branches:
Dungeon (2/15)

Altars:

Shops:
D:2 *

Annotations:
D:2 Natasha


Message History

You feel disoriented. Natasha claws you. The crimson imp completely misses you.
Natasha mumbles some strange words.
Natasha glows brightly for a moment.
Natasha casts a spell at you. The magic dart hits you.
You miss Natasha.
Natasha is almost dead.
You barely miss the crimson imp.
The crimson imp hits you but does no damage.
Natasha claws you but does no damage. The crimson imp hits you.
* * * LOW HITPOINT WARNING * * *
You hit Natasha but do no damage.
Natasha is almost dead.
You barely miss the crimson imp.
Natasha howls an incantation.
Natasha shimmers violently.
Natasha drinks a potion.
Natasha is healed!
The crimson imp completely misses you. Natasha barely misses you.
You hit Natasha.
Natasha is moderately wounded.
You barely miss the crimson imp. The crimson imp closely misses you.
Natasha barely misses you.
The crimson imp blinks!
Natasha claws you but does no damage.
You hit Natasha.
Natasha is severely wounded.
Natasha mumbles some strange words.
You hit Natasha.
Natasha is almost dead.
Natasha claws you but does no damage. Natasha barely misses you.
You closely miss Natasha.
Natasha is almost dead.
You barely miss the shadow imp.
Natasha stares at you and mumbles some strange words.
The magic dart hits you.
* * * LOW HITPOINT WARNING * * *
The shadow imp barely misses you.
Natasha stares at you and mumbles some strange words.
The magic dart hits you!
You die...

....#...# .#..#...# #####
......#.## #...# .........##
##..## ....#.....# #####..##
....#####.# ####......###
##....###.# #####...........#
#.##..[#.###..>5.###......)#
..............@h5.#.......#####
.#####......#####...≈...≈...≈≈≈
#####.#....# ##≈..≈.≈..≈..≈.
...........# #..≈≈≈≈≈≈≈≈≈≈.
####.......# ##..≈≈≈≈≈≈≈≈≈≈.
#.#..#..#####...≈≈≈≈≈≈≈≈≈≈≈
...#...(....##..≈≈≈≈.♣♣≈≈≈.. .
..#####.###.#.##.≈.≈≈≈._≈≈≈≈.≈
.. #
##.....##.#...?.≈≈≈≈♣≈≈≈≈≈≈≈


You could see Natasha, a crimson imp (summoned) and a shadow imp (summoned).

Vanquished Creatures
  Natasha (twice) (D:2)
  An adder (D:2)
  A worm (D:2)
  2 dart slugs (D:1)
  A ball python (D:2)
  2 endoplasms
  A giant cockroach (D:1)
  3 goblins (D:1)
  4 hobgoblins
  9 jackals
  5 frilled lizards
  2 kobolds (D:1)
  A rat (D:2)
34 creatures vanquished.

Notes
Turn   | Place    | Note
-------+----------+-------------------------------------------
     0 | D:1      | Froggeryz the Human Berserker began the quest for the Orb.
     0 | D:1      | Reached XP level 1. HP: 18/18 MP: 1/1
   223 | D:1      | Reached XP level 2. HP: 17/24 MP: 2/2
   847 | D:1      | Reached XP level 3. HP: 29/29 MP: 3/3
  1351 | D:2      | Found Bescho's Assorted Antiques.
  1360 | D:2      | Reached skill level 4 in Axes
  1479 | D:2      | Bought a scroll labelled IGRUTULAMU for 15 gold pieces
  1479 | D:2      | Bought a scroll labelled OKKOMI IHUPP for 15 gold pieces
  1516 | D:2      | Reached skill level 1 in Shields
  1518 | D:2      | Reached ** piety under Trog
  1519 | D:2      | Found a faded altar of an unknown god.
  1589 | D:2      | Noticed Natasha
  1596 | D:2      | Killed Natasha
  1597 | D:2      | Reached XP level 4. HP: 35/35 MP: 4/4
  1649 | D:2      | Noticed Natasha
  1666 | D:2      | Killed Natasha
  1667 | D:2      | Reached XP level 5. HP: 20/41 MP: 5/5
  1672 | D:2      | Noticed Natasha
  1689 | D:2      | Killed from afar by Natasha

Illustrated notes

Levels and vault maps discovered:
D:1:      minmay_arrival_doors, layout_basic
D:2:      layout_rooms, serial_shops, nicolae_shop_stone,
          chequers_ecumenical_altar_island, uniq_natasha

Skill      XL: |  1  2  3 |
---------------+----------+-----
Axes           | 4 |  4.7
Shields        | 1 |  1.8
Fighting       | |  3.0
Armour         | |  2.1
Dodging        | |  2.0

Action                   |  1- 3 |  4- 6 || total
-------------------------+-------+-------++-------
Melee: Hand axe          |    85 |    27 ||   112
Invok: Berserk           |     2 |     1 ||     3
  Use: Scroll            |     2 |       ||     2
       Potion            |       |     1 ||     1
Armor: Animal skin       |     2 |       ||     2
       Ring mail         |    24 |     6 ||    30
Dodge: Dodged            |    63 |    16 ||    79

Table legend: (Time is in decaauts)
 A = Elapsed time spent in this place.
 B = Non-inter-level travel time spent in this place.
 C = Inter-level travel time spent in this place.
 D = Time resting spent in this place.
 E = Time spent auto-exploring this place.
 F = Levels seen in this place.
 G = Mean time per level.
                   A        B        C        D        E       F      G
               +--------+--------+--------+--------+--------+-----+--------+
         Total |   1730 |   1719 |     11 |     34 |   1408 |   2 |  865.0 |
       Dungeon |   1730 |   1719 |     11 |     34 |   1408 |   2 |  865.0 |
               +--------+--------+--------+--------+--------+-----+--------+

Top non-repeatable levels by time:
     D:1: 1249 daAuts
     D:2: 481 daAuts
